 Dungeon Crawl Stone Soup version 0.18.1-5-g4a78601 (webtiles) character file.

3392 shmeve the Cleaver (level 9, -8/82 HPs)
             Began as a Minotaur Berserker on May 14, 2016.
             Was a High Priest of Trog.
             Splashed by an oklob plant's acid (14 damage)
             ... on level 7 of the Dungeon.
             The game lasted 00:16:02 (5673 turns).

shmeve the Cleaver (Minotaur Berserker)             Turns: 5673, Time: 00:16:03

Health: -8/82      AC: 14    Str: 22    XL:     9   Next: 75%
Magic:  6/8        EV:  8    Int:  5    God:    Trog [*****.]
Gold:   150        SH:  0    Dex: 12    Spells: 0 memorised, 8 levels left

rFire  . . .     SeeInvis .     w - +0 war axe
rCold  . . .     Gourm    .     x - +0 plate armour
rNeg   . . .     Faith    .     (no shield)
rPois  .         Spirit   .     u - +2 hat
rElec  .         Dismiss  .     b - +1 cloak
rCorr  .         Reflect  .     G - +0 pair of gloves
SustAt +         Harm     .     (no boots)
MR     .....                    (no amulet)
Stlth  ..........               (no ring)
                                B - ring of sustain attributes

@: corroded, not resistant to hostile enchantments, extremely unstealthy
A: retaliatory headbutt, horns 2
a: Berserk, Trog's Hand, Brothers in Arms, Burn Spellbooks, Renounce Religion


You were on level 7 of the Dungeon.
You worshipped Trog.
Trog was extremely pleased with you.
You were hungry.

You visited 1 branch of the dungeon, and saw 7 of its levels.
You also visited: Sewer.

You collected 320 gold pieces.
You spent 170 gold pieces at shops.

Inventory:

Hand Weapons
 w - a +0 war axe (weapon)
 E - the +6 hand crossbow of Compulsion {velocity, MP-9 Str+4 Int+4 Stlth+}
   (You bought it in a shop on level 6 of the Dungeon)

   Any bolt fired from it inflicts extra damage.
   It affects your strength (+4).
   It affects your intelligence (+4).
   It affects your magic capacity (-9).
   It makes you more stealthy.
Missiles
 y - 24 bolts
Armour
 b - a +1 cloak (worn)
 u - a +2 hat (worn)
 x - a +0 plate armour (worn)
 G - a +0 pair of gloves (worn)
Jewellery
 B - a ring of sustain attributes (left hand)
Wands
 J - a wand of polymorph (8/24)
Scrolls
 a - 2 scrolls of enchant armour
 d - 3 scrolls of teleportation {unknown}
 e - a scroll of fear {unknown}
 f - 10 scrolls of identify {unknown}
 g - 3 scrolls of magic mapping {unknown}
 i - 3 scrolls of recharging
 q - 3 scrolls of remove curse
 s - 2 scrolls of fog {unknown}
 z - 3 scrolls of blinking {unknown}
 A - a scroll of vulnerability {unknown}
 D - a scroll of enchant weapon {unknown}
 H - a scroll of random uselessness {unknown}
 I - a scroll of immolation {unknown}
Potions
 h - 6 potions of cancellation {unknown}
 j - 5 potions of lignification {unknown}
 k - 2 potions of haste {unknown}
 l - a potion of resistance {unknown}
 n - a potion of heal wounds {unknown}
 o - a potion of cure mutation {unknown}
 p - 3 potions of curing {unknown}
 r - 2 potions of magic {unknown}
 v - 5 potions of might {unknown}
 F - a potion of flight {unknown}
Comestibles
 c - 5 bread rations
 m - 2 beef jerkies
 t - 3 meat rations
 C - a slice of pizza


   Skills:
 * Level 8.4 Fighting
 * Level 8.8 Axes
 * Level 6.6 Crossbows
 - Level 0.2 Throwing
 + Level 6.4 Armour
 + Level 5.4 Dodging
 + Level 4.2 Stealth


You had 8 spell levels left.
You didn't know any spells.

Dungeon Overview and Level Annotations

Branches:
Dungeon (7/15)
 Temple: D:4-7

Altars:
Ashenzari
Gozag
Kikubaaqudgha
Okawaru
Qazlal
Sif Muna
Trog
Xom
Yredelemnul

Shops:
D:6 (

Annotations:
D:3 Chaotic's ghost, amateur GrBe
D:7 exclusion: oklob plant


Innate Abilities, Weirdness & Mutations

You reflexively headbutt those who attack you in melee.
You have a pair of horns on your head.


Message History

The oklob plant is moderately damaged.
You hit the oklob plant but do no damage.
The oklob plant is moderately damaged.
You slash the oklob plant! You headbutt the oklob plant!
The oklob plant is heavily damaged.
You hit the oklob plant but do no damage.
You headbutt the oklob plant.
The oklob plant is heavily damaged.
You hit the oklob plant.
The oklob plant is severely damaged.
The oklob plant spits acid at you. The splash of acid hits you!
* * * LOW HITPOINT WARNING * * *
The acid burns!
* * * LOW HITPOINT WARNING * * *
You hit the oklob plant. You headbutt the oklob plant.
The oklob plant is severely damaged.
The oklob plant spits acid at you. The splash of acid hits you!
The acid corrodes you!
The acid burns!
You die...

#####
###P..###
#P......####
#.P.P@..').#
#PPP....##.#
######
###)..####.#
.#...# #####
#.# .#...#
##.# .#...#
#..# .#...#
##.## .'...#
#..#
##############
#.##


You could see an oklob plant.

Vanquished Creatures
  Joseph (D:7)
  Prince Ribbit (D:7)
  The ghost of Almacia the Cudgeler, an amateur GrBe of Trog (D:5)
  A hippogriff (D:7)
  The ghost of knot the Sneak, an amateur DsAs (D:4)
  Menkaure (D:5)
  Edmund (D:4)
  4 centaurs
  2 ogres
  4 giant frogs
  2 scorpions
  A howler monkey (D:5)
  A hound (D:7)
  10 jellies
  4 orc priests
  Crazy Yiuf (D:3)
  5 iguanas
  9 orc wizards
  4 worker ants
  A hound skeleton (D:6)
  4 gnolls (D:2)
  A howler monkey skeleton (D:4)
  8 adders
  A river rat (D:5)
  10 oozes
  A worm (D:2)
  2 dart slugs (D:2)
  2 giant geckos
  26 orcs
  9 giant cockroaches
  5 goblins
  5 hobgoblins
  28 jackals
  16 kobolds
  2 quokkas (D:5)
  7 ball pythons
  10 bats
  7 giant newts
  A quokka zombie (D:6)
  12 rats
  4 plants (Sewer)
216 creatures vanquished.

Vanquished Creatures (others)
  4 fungi (D:7)
  2 plants (Sewer)
6 creatures vanquished.

Grand Total: 222 creatures vanquished

Notes
Turn   | Place    | Note
--------------------------------------------------------------
     0 | D:1      | shmeve the Minotaur Berserker began the quest for the Orb.
     0 | D:1      | Reached XP level 1. HP: 19/19 MP: 0/0
    84 | D:1      | Reached XP level 2. HP: 25/27 MP: 1/1
   309 | D:1      | Reached ** piety under Trog
   567 | D:1      | Reached XP level 3. HP: 33/33 MP: 2/2
   724 | D:2      | Found a shimmering altar of Xom.
   885 | D:2      | Reached XP level 4. HP: 30/40 MP: 3/3
   893 | D:2      | Reached skill level 1 in Crossbows
  1146 | D:2      | Reached skill level 1 in Stealth
  1428 | D:3      | Reached *** piety under Trog
  1438 | D:3      | Reached XP level 5. HP: 10/47 MP: 4/4
  1439 | D:3      | HP: 1/70 [orc priest/divine providence (15)]
  1475 | D:3      | Noticed Chaotic's ghost (amateur GrBe)
  1481 | D:3      | Found a bloodstained altar of Trog.
  1553 | D:3      | Noticed Crazy Yiuf
  1559 | D:3      | Killed Crazy Yiuf
  1713 | D:3      | Reached skill level 5 in Axes
  1879 | D:3      | Reached XP level 6. HP: 53/53 MP: 5/5
  2475 | D:4      | Reached skill level 5 in Fighting
  2588 | D:4      | Noticed Edmund
  2598 | D:4      | Killed Edmund
  2598 | D:4      | Reached XP level 7. HP: 49/61 MP: 6/6
  2619 | D:4      | Reached **** piety under Trog
  2847 | D:4      | Noticed knot's ghost (amateur DsAs)
  2859 | D:4      | Killed knot's ghost
  2924 | D:4      | Found a stormy altar of Qazlal.
  2925 | D:4      | Noticed a fire elemental
  2926 | D:4      | Noticed a water elemental
  2927 | D:4      | Noticed an air elemental
  3202 | D:5      | Entered Level 5 of the Dungeon
  3265 | D:5      | Found an iron altar of Okawaru.
  3270 | D:5      | Reached XP level 8. HP: 70/70 MP: 7/7
  3277 | D:5      | Found an ancient bone altar of Kikubaaqudgha.
  3280 | D:5      | Found a shattered altar of Ashenzari.
  3333 | D:5      | Found a deep blue altar of Sif Muna.
  3482 | D:5      | Noticed Almacia's ghost (amateur GrBe)
  3493 | D:5      | Killed Almacia's ghost
  3571 | D:5      | Found a glowing drain.
  3585 | Sewer    | Entered a sewer
  3645 | Sewer    | Received a gift from Trog
  4270 | D:5      | Noticed Menkaure
  4275 | D:5      | Reached skill level 5 in Armour
  4277 | D:5      | Killed Menkaure
  4277 | D:5      | Reached ***** piety under Trog
  4277 | D:5      | Reached skill level 5 in Crossbows
  4659 | D:6      | Found Axaiss's Antique Weapon Shoppe.
  4667 | D:6      | Bought a slimy hand crossbow for 170 gold pieces
  4667 | D:6      | Identified the +6 hand crossbow of Compulsion {velocity, MP-9 Str+4 Int+4 Stlth+} (You bought it in a shop on level 6 of the Dungeon)
  4881 | D:6      | Found a basalt altar of Yredelemnul.
  4960 | D:6      | Found an opulent altar of Gozag.
  5187 | D:7      | Reached XP level 9. HP: 73/79 MP: 1/8
  5353 | D:7      | Noticed Joseph
  5355 | D:7      | Noticed Prince Ribbit
  5363 | D:7      | Killed Prince Ribbit
  5363 | D:7      | Reached skill level 5 in Dodging
  5371 | D:7      | Killed Joseph
  5625 | D:7      | Noticed an oklob plant
  5650 | D:7      | Received a gift from Trog
  5673 | D:7      | Splashed by an oklob plant's acid

Skill      XL: |  1  2  3  4  5  6  7  8  9 |
---------------+----------------------------+-----
Axes           | 4 5 6 7 8 |  8.8
Fighting       | 4 5 6 7 8 |  8.4
Armour         | 3 4 5 6 |  6.4
Crossbows      | 1 2 3 4 5 6 |  6.6
Stealth        | 1 2 3 4 |  4.2
Dodging        | 3 4 5 |  5.4
Throwing       | |  0.2

Action                   |  1- 3 |  4- 6 |  7- 9 || total
-------------------------+-------+-------+-------++-------
Melee: Hand axe          |    71 |   133 |       ||   204
       Headbutt          |    14 |    36 |    51 ||   101
       War axe           |       |    42 |   254 ||   296
 Fire: Arbalest          |       |       |     9 ||     9
       Hand crossbow     |       |       |    41 ||    41
Invok: Trog's Hand       |       |     2 |       ||     2
       Berserk           |       |     1 |     3 ||     4
  Use: Scroll            |       |       |     3 ||     3
  Eat: Chunk             |       |     7 |    13 ||    20
Armor: Animal skin       |    17 |     4 |       ||    21
       Chain mail        |       |    46 |       ||    46
       Plate armour      |       |    13 |   183 ||   196
Dodge: Dodged            |    60 |    72 |   113 ||   245
